 Dungeon Crawl Stone Soup version 0.22-a0-448-g1fb7470 (webtiles) character file.

666 xccam the Changer (level 7, -7/56 HPs)
             Began as a Red Draconian Transmuter on June 4, 2018.
             Shot with an arrow by a centaur (16 damage)
             ... on level 5 of the Dungeon.
             The game lasted 00:09:49 (4609 turns).

xccam the Changer (Red Draconian Transmuter)        Turns: 4609, Time: 00:09:50

Health: -7/56      AC: -2    Str: 13    XL:     7   Next: 31%
Magic:  10/13      EV: 21    Int: 18    God:
Gold:   148        SH:  0    Dex: 18    Spells: 4/15 levels left

rFire    . . .     SeeInvis .     - Unarmed
rCold    . . .     Gourm    .   (shield currently unavailable)
rNeg     . . .     Faith    .   (armour unavailable)
rPois    x         Spirit   .   (helmet currently unavailable)
rElec    .         Reflect  .   (cloak currently unavailable)
rCorr    .         Harm     .   (gloves currently unavailable)
MR       .....                  (boots currently unavailable)
Stlth    ++........             (no amulet)
HPRegen  0.18/turn              h - +5 ring of intelligence
MPRegen  0.13/turn              k - +1 ring of evasion

@: lethally poisoned (-7 -> -17), about to teleport, spider-form, corroded
A: tiny, (breathe fire), unfitting armour, AC +6
a: End Transformation


You were on level 5 of the Dungeon.
You were not hungry.
You were a venomous arachnid creature.
You visited 1 branch of the dungeon, and saw 5 of its levels.

You collected 148 gold pieces.

Inventory:

Missiles
 a - 110 arrows
Armour
 m - a +0 hat (melded)
Jewellery
 h - a +5 ring of intelligence (left front leg)
 k - a +1 ring of evasion (right front leg)
Scrolls
 b - a scroll of teleportation
 d - 3 scrolls of remove curse
 g - 3 scrolls of magic mapping
 i - 4 scrolls of identify {unknown}
 l - 2 scrolls of amnesia {unknown}
 o - 2 scrolls of fog {unknown}
 p - 4 scrolls of enchant armour {unknown}
 q - a scroll of enchant weapon {unknown}
Potions
 e - 5 potions of curing {unknown}
 f - 3 potions of heal wounds {unknown}
 j - 2 potions of degeneration {unknown}
 n - 2 potions of might {unknown}
 r - a potion of lignification {unknown}
 s - a potion of invisibility {unknown}
Comestibles
 c - 2 rations


   Skills:
 - Level 2.8 Fighting
 - Level 2.7 Dodging
 - Level 3.6 Unarmed Combat
 + Level 4.6 Spellcasting
 + Level 4.9 Transmutations
 - Level 2.0 Poison Magic


You had 4 spell levels left.
You knew the following spells:

 Your Spells              Type           Power        Failure   Level  Hunger
a - Beastly Appendage     Tmut           ###...       8%          1    None
b - Sticks to Snakes      Tmut           ###.....     10%         2    #......
c - Spider Form           Tmut/Pois      ###.......   24%         3    ###....
d - Blade Hands           Tmut           ###.......   67%         5    ######.

Your spell library contained the following spells:

 Spells                   Type           Power        Failure   Level  Hunger
 Ice Form                 Ice/Tmut       ##......     67%         4    ####...


Dungeon Overview and Level Annotations

Branches:
Dungeon (5/15)
 Temple: D:4-7

Altars:

Annotations:
D:4 1 exclusion


Innate Abilities, Weirdness & Mutations

((You can breathe blasts of fire.))
((Your fiery red scales are hard. (AC +6)))
You cannot fit into any form of body armour.
((Your flesh is heat resistant. (rF+)))
((You are cold-blooded and may be slowed by cold attacks.))


Message History

You hit the jelly.
Your front legs burn!
The jelly is heavily wounded.
The centaur wields a shortbow.
The centaur shoots an arrow.
The arrow hits you! The jelly hits you.
You are splashed with acid!
The acid burns!
The worker ant closely misses you.
You hit the jelly. The acid corrodes you!
Your front legs burn!
* * * LOW HITPOINT WARNING * * *
The jelly is heavily wounded.
The centaur shoots an arrow.
The arrow misses you.
A scorpion comes into view.
The worker ant closely misses you. The jelly closely misses you.
The centaur shoots an arrow.
The arrow hits you.
* * * LOW HITPOINT WARNING * * *
As you read the scroll of teleportation, it crumbles to dust.
You feel strangely unstable. The worker ant bites you.
* * * LOW HITPOINT WARNING * * *
You are lethally poisoned!
The worker ant poisons you! The jelly barely misses you.
The centaur shoots an arrow.
The arrow hits you!
You die...

,,,,,,,,,,,,,,,,,*,+,,,+,*,***,,,
,,,,**,*,.###*..,*+*+*+*+*,,,,,,,
,,,,,,,,,s.).##.#*,*,*∩*,*,****,,
,,,,,,,,,........########*** *,,,
,,,,,.,,,................,** *,,,
,,,,..,,,.=.....#........,,* *,,,
,,,...,,,.....r.#........,,****,,
,,...,,,,................,,,,,,,,
,..,,.,,,.......sa.......,,****,,
.#....,,,.....#.#J.......,,******
......,,,.......#........,***,,,,
......,,,#*#......#......** *,,,,
......,,,....#...########* **,,,,
.....#,,*####.......# *,,,,,
.h...#*,,***#..####.### *,,,,,
......,,,,....c####...######,,,,,
.c..#.***,##........>.......,,,,,


You could see a centaur, a scorpion (wandering), a jelly, a worker ant and a
quokka.

Vanquished Creatures
  Blork the orc (D:4)
  A hound (D:4)
  A centaur skeleton (D:4)
  Natasha (D:4)
  A worker ant (D:4)
  A hound zombie (D:5)
  2 gnolls (D:2)
  6 adders
  An ooze (D:1)
  2 adder skeletons (D:4)
  A worm (D:2)
  2 dart slugs
  A leopard gecko (D:1)
  3 orcs
  4 ball pythons
  6 bats
  3 giant cockroaches
  5 goblins
  10 hobgoblins
  7 jackals
  9 kobolds
  2 quokkas (D:2)
  2 frilled lizards
  10 rats
82 creatures vanquished.

Vanquished Creatures (collateral kills)
  Sigmund (D:4)
  Eustachio (D:4)
  Menkaure (D:4)
  A worker ant (D:4)
  A gnoll (D:2)
  A giant cockroach (D:4)
  A hobgoblin (D:2)
  A frilled lizard (D:4)
8 creatures vanquished.

Grand Total: 90 creatures vanquished

Notes
Turn   | Place    | Note
-------+----------+-------------------------------------------
     0 | D:1      | xccam the Draconian Transmuter began the quest for the Orb.
     0 | D:1      | Reached XP level 1. HP: 16/16 MP: 3/3
   166 | D:1      | Reached XP level 2. HP: 14/23 MP: 5/5
   393 | D:1      | Learned a level 2 spell: Sticks to Snakes
   494 | D:1      | Reached XP level 3. HP: 24/28 MP: 6/6
  1115 | D:2      | Learned a level 3 spell: Spider Form
  1151 | D:2      | Reached XP level 4. HP: 7/35 MP: 3/8
  2484 | D:3      | Reached XP level 5. HP: 40/40 MP: 10/10
  3253 | D:4      | Noticed Menkaure
  3256 | D:4      | Reached skill level 1 in Poison Magic
  3270 | D:4      | Killed Menkaure
  3270 | D:4      | Reached XP level 6. HP: 14/48 MP: 6/11
  3758 | D:4      | Noticed Blork the orc
  3771 | D:4      | Killed Blork the orc
  3786 | D:4      | Noticed Eustachio
  3972 | D:4      | Noticed Natasha
  3978 | D:4      | Killed Natasha
  4011 | D:4      | Noticed Sigmund
  4302 | D:4      | Learned a level 5 spell: Blade Hands
  4483 | D:4      | Killed Sigmund
  4483 | D:4      | Your scales start taking on a fiery red colour.
  4483 | D:4      | Reached XP level 7. HP: 55/56 MP: 3/13
  4483 | D:4      | Gained mutation: Your flesh is heat resistant. (rF+) [Red Draconian growth]
  4492 | D:4      | Killed Eustachio
  4541 | D:5      | Entered Level 5 of the Dungeon
  4589 | D:5      | Found Quqofyshai's General Store.
  4609 | D:5      | Shot with an arrow by a centaur

Vault maps used:
D:1:      dpeg_arrival_houses_and_road
D:2:      first_ration, minmay_distorted
D:3:      minivault_4
D:4:      serial_bayou_pond_b, kennysheep_dice, uniq_natasha, uniq_menkaure,
          uniq_blork_the_orc, uniq_sigmund, uniq_eustachio
D:5:      grunt_temple_overflow_open, nicolae_ossuary_entry_catacombs,
          serial_shops, shop

Skill      XL: |  1  2  3  4  5  6 |
---------------+-------------------+-----
Transmutations | 3 4 |  4.9
Spellcasting   | 3 4 |  4.6
Dodging        | 2 |  2.7
Poison Magic   | 1 2 |  2.0
Fighting       | 2 |  2.8
Unarmed Combat | |  3.6

Action                   |  1- 3 |  4- 6 |  7- 9 || total
-------------------------+-------+-------+-------++-------
Melee: Unarmed           |   120 |   231 |    19 ||   370
       Tailslap          |     6 |    25 |     6 ||    37
       Kick              |     2 |     5 |       ||     7
       Punch             |     2 |     4 |       ||     6
       Headbutt          |       |     8 |       ||     8
 Cast: Beastly Appendage |     2 |     7 |       ||     9
       Sticks to Snakes  |     3 |     9 |       ||    12
       Spider Form       |       |     1 |     1 ||     2
  Use: Scroll            |       |       |     4 ||     4
 Stab: Sleeping          |       |     4 |       ||     4
  Eat: Chunk             |     1 |     9 |       ||    10
       Ration            |       |     1 |       ||     1
Armor: Skin              |    28 |    64 |     2 ||    94
Dodge: Dodged            |    67 |   206 |    16 ||   289

Table legend:
 A = Spawn XP
 B = Non-spawn XP
 C = Spawn XP percentage of total XP
 D = Spawn monster count
 E = Non-spawn monster count
 F = Spawn count percentage of total count
 G = Total turns spent on level
                    A         B        C        D         E        F      G
               +---------+---------+-------+---------+---------+-------+---------
         Total |       0 |     952 |   0.0 |       0 |      90 |   0.0 |  4609
               +---------+---------+-------+---------+---------+-------+---------
           D:1 |       0 |      50 |   0.0 |       0 |      27 |   0.0 |  1414
           D:2 |       0 |     116 |   0.0 |       0 |      28 |   0.0 |   718
           D:3 |       0 |      52 |   0.0 |       0 |      14 |   0.0 |   815
           D:4 |       0 |     713 |   0.0 |       0 |      20 |   0.0 |  1627
           D:5 |       0 |      21 |   0.0 |       0 |       1 |   0.0 |    35
               +---------+---------+-------+---------+---------+-------+---------
